 Dungeon Crawl Stone Soup version 0.30-a0-585-g93115170b9 (webtiles) character file.

Game seed: 4424184848893469974

854 hikkokomori the Conjurer (level 8, -18/46 HPs)
             Began as an Octopode Conjurer on Jan 3, 2023.
             Was an Initiate of Gozag.
             Killed from afar by a steam dragon (28 damage)
             ... with a ball of steam
             ... on level 6 of the Dungeon.
             The game lasted 00:07:29 (5556 turns).

hikkokomori the Conjurer (Octopode Conjurer)        Turns: 5556, Time: 00:07:30

Health: -18/46     AC:  1    Str:  6    XL:     8   Next: 1%
Magic:  4/15       EV: 13    Int: 23    God:    Gozag
Gold:   539        SH:  5    Dex: 10    Spells: 8/17 levels left

rFire   . . .      SeeInvis .    t - +0 dagger (vamp)
rCold   . . .      Faith    .    (no shield)
rNeg    . . .      Spirit   .    (helmet restricted)
rPois   .          Reflect  +    f - amulet of reflection
rElec   .          Harm     .    (no ring)
rCorr   .          Rampage  .    (no ring)
Will    .....                    (no ring)
Stlth   +++                      (no ring)
HPRegen 0.27/turn                (no ring)
MPRegen 0.14/turn                (no ring)
                                 (no ring)
                                 (no ring)

@: about to teleport
A: almost no armour, amphibious, 8 rings, camouflage 1, gelatinous body 1,
(nimble swimmer 1), tentacles
a: Renounce Religion, Potion Petition, Call Merchant, Bribe Branch


You were on level 6 of the Dungeon.
You worshipped Gozag.
Gozag was pleased with you.
You visited 2 branches of the dungeon, and saw 7 of its levels.

You collected 615 gold pieces.
You paid 76 gold pieces to Gozag.

Inventory:

Hand Weapons
 l - a +0 dagger
 t - a +0 vampiric dagger (weapon)
Jewellery
 f - an amulet of reflection (around mantle)
Wands
 u - a wand of acid (7)
Scrolls
 b - a scroll of fear
 c - 2 scrolls of vulnerability
 g - a scroll of blinking
 m - a scroll of identify {unknown}
 n - 2 scrolls of teleportation
 o - a scroll of immolation {unknown}
 p - a scroll of magic mapping {unknown}
 v - a scroll of amnesia {unknown}
 w - a scroll of enchant weapon {unknown}
 y - a scroll of poison {unknown}
Potions
 a - a potion of magic
 d - 2 potions of mutation {unknown}
 e - 2 potions of curing
 h - 2 potions of flight {unknown}
 i - a potion of brilliance {unknown}
 j - a potion of haste {unknown}
 k - 2 potions of lignification {unknown}
 q - a potion of degeneration {unknown}
 r - a potion of attraction {unknown}
 s - 2 potions of might {unknown}
 x - a potion of resistance {unknown}


   Skills:
 - Level 2.0 Dodging
 - Level 2.6 Stealth
 + Level 5.1 Spellcasting
 + Level 6.6 Conjurations
 + Level 4.3 Hexes


You had 8 spell levels left.
You knew the following spells:

 Your Spells              Type           Power      Damage    Failure   Level
a - Magic Dart            Conj           100%       1d8       1%          1
b - Searing Ray           Conj           72%        2d7       1%          2
c - Fulminant Prism       Conj/Hex       15%        3d10      10%         4
d - Ensorcelled Hibernat  Hex/Ice        30%        N/A       6%          2

Your spell library contained the following spells:

 Spells                   Type           Power      Damage    Failure   Level
 Slow                     Hex            100%       N/A       1%          1
 Dazzling Flash           Conj/Hex       62%        N/A       3%          3
 Confusing Touch          Hex            25%        N/A       4%          3
 Hailstorm                Conj/Ice       21%        3d6       7%          3
 Freeze                   Ice            20%        1d4       10%         1
 Iskenderun's Mystic Bla  Conj/Tloc      21%        2d6       24%         4
 Frozen Ramparts          Ice            10%        1d2       28%         3
 Spider Form              Tmut/Pois      5%         N/A       28%         3
 Vampiric Draining        Necr           5%         2d6       28%         3
 Anguish                  Hex/Necr       7%         N/A       36%         4
 Freezing Cloud           Conj/Ice/Air   8%         6-21      71%         5
 Polar Vortex             Ice            2%         N/A       100%        9
 Simulacrum               Ice/Necr       Unusable   N/A       N/A         6

Dungeon Overview and Level Annotations

Branches:
Dungeon (6/15)             Temple (1/1) D:4

Altars:
Cheibriados
Gozag
Hepliaklqana
Kikubaaqudgha
Makhleb
Nemelex Xobeh
Okawaru
Uskayaw
Vehumet
Yredelemnul
Zin

Shops:
D:4 *


Innate Abilities, Weirdness & Mutations

You cannot wear most types of armour.
You are amphibious.
You can wear up to eight rings at the same time.
Your skin changes colour to match your surroundings (Stealth+).
Your rubbery body absorbs attacks. (AC +1, EV +1)
((You are camouflaged when in or above water. (Stealth+)))
You have tentacles for arms and can constrict up to eight enemies at once.


Message History

The blast of energy engulfs the hound!
The hound is heavily wounded.
The blast of energy engulfs the steam dragon!
The steam dragon is heavily wounded.
Your fulminant prism crackles loudly.
The steam dragon breathes steam at you. The ball of steam hits you!!
You hear an explosion!
Casting: Fulminant Prism (quite dangerous; 10% risk of failure)
Confirm with . or Enter, or press ? or * to list all spells.
Aiming: Searing Ray (safe; 1% risk of failure)
Press: ? - help, Shift-Dir - straight line, f - hound
Aim: a hound (heavily wounded, 73% to hit)
The searing ray misses the hound. (Press . to maintain the ray.)
The hound bites you.
As you read the scroll of teleportation, it crumbles to dust.
You feel strangely unstable. The hound bites you. x2
Unknown command.
Casting: Searing Ray (safe; 1% risk of failure)
Confirm with . or Enter, or press ? or * to list all spells.
Aiming: Searing Ray (safe; 1% risk of failure)
Press: ? - help, Shift-Dir - straight line, f - steam dragon, p - hound
Aim: a steam dragon (severely wounded, 81% to hit)
The searing ray hits the hound.
The hound is almost dead.
The searing ray hits the steam dragon.
The steam dragon is severely wounded. (Press . to maintain the ray.)
The hound bites you.
* * * LOW HITPOINT WARNING * * *
The hound bites you.
* * * LOW HITPOINT WARNING * * *
It was a potion of curing.
You feel better. The hound bites you.
* * * LOW HITPOINT WARNING * * *
The steam dragon breathes steam at you. The ball of steam hits you!!
Ouch! That really hurt!
You die...
Your body crumbles into a pile of gold.

#. #. ##. ########
####..# #.......
.......## #.......
$........###### #....)..
.....§...>...#####.......
.....§§h.###.............
.......D@# #######.......
$........## #)......
...#...## #....... ##
#### #....... #.......
########


You could see a steam dragon (catching breath) and a hound.

Vanquished Creatures
  A steam dragon (D:6)
  A water moccasin (D:5)
  A black bear (D:6)
  An ogre (D:5)
  A phantom (D:5)
  2 scorpions
  An iguana (D:6)
  An orc wizard (D:6)
  4 gnolls (D:3)
  6 adders
  An ufetubus (D:4)
  4 worms
  2 dart slugs
  9 orcs
  7 endoplasms
  2 giant cockroaches
  6 goblins
  4 hobgoblins
  7 kobolds
  6 quokkas
  7 ball pythons
  4 bats
  5 frilled lizards
  3 rats (D:1)
86 creatures vanquished.

Vanquished Creatures (others)
  6 fulminant prisms (D:6)
6 creatures vanquished.

Grand Total: 92 creatures vanquished

Notes
Turn   | Place    | Note
-------+----------+-------------------------------------------
     0 | D:1      | hikkokomori the Octopode Conjurer began the quest for the
                  | Orb.
     0 | D:1      | Reached XP level 1. HP: 11/11 MP: 3/3
   126 | D:1      | Found a faded altar of an unknown god.
   210 | D:1      | Reached XP level 2. HP: 17/17 MP: 0/5
   213 | D:1      | Learned a level 2 spell: Searing Ray
  1027 | D:2      | Reached XP level 3. HP: 21/21 MP: 2/7
  1528 | D:2      | Reached XP level 4. HP: 27/27 MP: 0/8
  1608 | D:2      | Learned a level 4 spell: Fulminant Prism
  2000 | D:3      | Noticed a +0 dagger
  2000 | D:3      | Noticed a +0 dagger
  2037 | D:3      | Found a hide-covered altar of Uskayaw.
  2066 | D:3      | Found an iron altar of Okawaru.
  2159 | D:3      | Reached skill level 5 in Conjurations
  2159 | D:3      | Reached skill level 1 in Hexes
  2188 | D:3      | Reached XP level 5. HP: 26/31 MP: 1/10
  2464 | D:3      | Found a glowing silver altar of Zin.
  2464 | D:3      | Found a burning altar of Makhleb.
  2465 | D:3      | Noticed a green death
  2465 | D:3      | Noticed an angel
  2823 | D:4      | Found a staircase to the Ecumenical Temple.
  2842 | Temple   | Entered the Ecumenical Temple
  2854 | Temple   | Became a worshipper of Gozag Ym Sagoz the Greedy
  2947 | D:4      | Found Dapauch's Mayhem Merchandise.
  3720 | D:4      | Reached XP level 6. HP: 23/36 MP: 4/11
  3977 | D:5      | Entered Level 5 of the Dungeon
  4258 | D:5      | Noticed a water moccasin
  4266 | D:5      | Killed a water moccasin
  4463 | D:5      | Found a sparkling altar of Nemelex Xobeh.
  4509 | D:5      | Reached skill level 6 in Conjurations
  4509 | D:5      | Reached XP level 7. HP: 20/41 MP: 2/13
  4767 | D:5      | Identified the +0 robe "Uxusugui" {rElec Will+ rCorr Dex-3}
  4987 | D:6      | Noticed a steam dragon
  4992 | D:6      | Killed a steam dragon
  4993 | D:6      | Reached skill level 5 in Spellcasting
  5337 | D:6      | Reached XP level 8. HP: 42/46 MP: 1/15
  5441 | D:6      | Learned a level 2 spell: Ensorcelled Hibernation
  5556 | D:6      | Killed from afar by a steam dragon

Illustrated notes

Levels and vault maps discovered:
D:1:      dpeg_arrival_tiny_d, layout_loops_cross,
          ebering_ecumenical_altar_webs, minmay_pentomino_p2
D:2:      layout_basic
D:3:      layout_loops_cross, dancing_weapons_uskayaw,
          grunt_temple_overflow_order_and_chaos_2, okawaru_trees_1
D:4:      layout_basic, minmay_temple_entry_hall, minmay_shop_mayhem,
          minmay_strange_pillars
D:5:      layout_basic, mainiacjoe_overflow_six_doors_small, glass_columns_a,
          chequers_serial_rivers_small_b
D:6:      layout_rooms, led_sif_book
Temple:   nicolae_temple_ecumenical_triangle

Skill      XL: |  1  2  3  4  5  6  7 |
---------------+----------------------+-----
Spellcasting   | 3 4 5 |  5.1
Conjurations   | 5 6 |  6.6
Hexes          | 1 2 3 4 |  4.3
Dodging        | |  2.0
Stealth        | |  2.6

Action                   |  1- 3 |  4- 6 |  7- 9 || total
-------------------------+-------+-------+-------++-------
Melee: Unarmed           |     3 |       |       ||     3
       Constrict         |     2 |     1 |     2 ||     5
       Tentacles         |     1 |     1 |     2 ||     4
       Dagger            |       |     1 |     4 ||     5
 Cast: Magic Dart        |    70 |   102 |     8 ||   180
       Searing Ray       |     1 |     7 |     8 ||    16
       Fulminant Prism   |       |       |     6 ||     6
  Use: Scroll            |       |       |     5 ||     5
       Potion            |       |       |     1 ||     1
 Stab: Sleeping          |       |       |     1 ||     1
Armor: Skin              |     1 |     2 |       ||     3
Dodge: Dodged            |     4 |    14 |     4 ||    22
Block: Other             |       |     2 |     1 ||     3

Table legend: (Time is in decaauts)
 A = Elapsed time spent in this place.
 B = Non-inter-level travel time spent in this place.
 C = Inter-level travel time spent in this place.
 D = Time resting spent in this place.
 E = Time spent auto-exploring this place.
 F = Levels seen in this place.
 G = Mean time per level.
                   A        B        C        D        E       F      G
               +--------+--------+--------+--------+--------+-----+--------+
         Total |   5555 |   5435 |    120 |     63 |   4883 |   7 |  793.6 |
       Dungeon |   5533 |   5422 |    111 |     63 |   4876 |   6 |  922.2 |
        Temple |     21 |     12 |      9 |      0 |      7 |   1 |   21.0 |
               +--------+--------+--------+--------+--------+-----+--------+

Top non-repeatable levels by time:
     D:4: 1222 daAuts
     D:1: 1088 daAuts
     D:3: 978 daAuts
     D:5: 945 daAuts
     D:2: 664 daAuts
     D:6: 632 daAuts
  Temple: 21 daAuts
